 Dungeon Crawl Stone Soup version 0.21-a0-476-gd103f4b (webtiles) character file.

737 dvd the Digger (level 7, -2/52 HPs)
             Began as a Demigod Earth Elementalist on Nov 22, 2017.
             Slain by Edmund
             ... wielding a +2 flail of crushing
              (3 damage)
             ... on level 5 of the Dungeon.
             The game lasted 00:13:49 (5468 turns).

dvd the Digger (Demigod Earth Elementalist)         Turns: 5468, Time: 00:13:50

Health: -2/52      AC:  2    Str: 15      XL:     7   Next: 22%
Magic:  1/16       EV: 13    Int: 19      God:
Gold:   152        SH:  5    Dex: 15 (16) Spells: 9/13 levels left

rFire    . . .     SeeInvis +   C - +2 dagger (flame)
rCold    . . .     Gourm    .   (no shield)
rNeg     . . .     Faith    .   c - +0 robe
rPois    +         Spirit   .   (no helmet)
rElec    .         Reflect  +   (no cloak)
rCorr    .         Harm     .   (no gloves)
MR       .....                  (no boots)
Stlth    ++........             s - +5 amulet of reflection
HPRegen  0.17/turn              q - ring of see invisible
MPRegen  0.15/turn              m - ring of poison resistance

@: flying
A: high mp 1
a: no special abilities


You were on level 5 of the Dungeon.
You were hungry.

You visited 1 branch of the dungeon, and saw 5 of its levels.

You collected 152 gold pieces.

Inventory:

Hand Weapons
 a - a +0 dagger
 i - a +0 mace
 C - a +2 dagger of flaming (weapon)
Missiles
 b - 111 stones (quivered)
Armour
 c - a +0 robe (worn)
Jewellery
 m - a ring of poison resistance (right hand)
 q - a ring of see invisible (left hand)
 s - a +5 amulet of reflection (around neck)
 B - a cursed ring of loudness {unknown}
Scrolls
 f - a scroll of immolation {unknown}
 k - 2 scrolls of remove curse {unknown}
 l - a scroll of enchant armour {unknown}
 n - 2 scrolls of teleportation {unknown}
 o - 3 scrolls of identify {unknown}
 p - a scroll of fog {unknown}
 v - a scroll of fear {unknown}
 y - 3 scrolls of amnesia {unknown}
 z - a scroll of blinking {unknown}
 D - a scroll of enchant weapon {unknown}
Potions
 j - a potion of invisibility {unknown}
 r - a potion of curing {unknown}
 t - a potion of resistance {unknown}
 u - a potion of flight
 w - a potion of haste {unknown}
 x - a potion of lignification {unknown}
 A - a potion of berserk rage {unknown}
Books
 e - a book of Geomancy

   Spells                             Type                      Level
   a - Sandblast                      Earth                        1
   b - Passwall                       Transmutation/Earth          2
   c - Stone Arrow                    Conjuration/Earth            3
   d - Petrify                        Transmutation/Earth          4
   e - Lee's Rapid Deconstruction     Earth                        5
Comestibles
 d - 4 bread rations
 g - 3 fruits
 h - 2 meat rations
 E - a chunk of flesh


   Skills:
 + Level 1.4 Fighting
 + Level 0.5 Short Blades
 + Level 2.7 Maces & Flails
 + Level 2.6 Dodging
 + Level 3.1 Stealth
 + Level 3.9 Spellcasting
 + Level 1.1 Conjurations
   Level 0.8 Transmutations
 * Level 4.8 Earth Magic


You had 9 spell levels left.
You knew the following spells:

 Your Spells              Type           Power        Failure   Level  Hunger
a - Sandblast             Erth           ###...       1%          1    None
b - Stone Arrow           Conj/Erth      ###...       12%         3    ###....


Dungeon Overview and Level Annotations

Branches:
Dungeon (5/15)
 Temple: D:4-7

Annotations:
D:4 Eustachio
D:5 Edmund, Grinder


Innate Abilities, Weirdness & Mutations

You have an increased reservoir of magic. (+10% MP)


Message History

Edmund is almost dead.
b - 111 stones The centaur skeleton barely misses you.
Edmund barely misses you.
Unknown command.
The centaur skeleton barely misses you.
Edmund hits you with a flail of crushing!
* * * LOW HITPOINT WARNING * * *
x2 The centaur skeleton misses you.
Unknown command.
Okay, then.
Unknown command.
It was a potion of flight.
You feel very buoyant.
You fly up into the air.
The centaur skeleton completely misses you.
The scorpion stings you.
* * * LOW HITPOINT WARNING * * *
Edmund says, "I'm quite good with sums, too."
Edmund hits you with a flail of crushing.
You die...

#.# #.. #.# #.# ###
... #.# # #.# #.#
#.#### #..# ##_##
#.5# ##.s.## #..#
#..Z@.# #..# ###
#..@..# #..# #..
#...h.# #..###.#
##...#########...[...
#.....#..............
#.....#.#############
#.....#.# ##...##.#
##.##..#


You could see Edmund, a black bear, a scorpion and a centaur skeleton.

Vanquished Creatures
  Menkaure (D:4)
  A phantom (D:4)
  2 ogres (D:5)
  Blork the orc (D:5)
  An orc priest (D:4)
  Terence (D:2)
  An orc wizard (D:4)
  A hound skeleton (D:4)
  7 adders
  An ooze (D:2)
  An adder skeleton (D:5)
  3 worms
  5 dart slugs
  2 leopard geckos
  6 orcs
  2 ball pythons
  6 giant cockroaches
  8 goblins
  8 hobgoblins
  10 jackals
  11 kobolds
  2 quokkas
  9 bats
  12 frilled lizards
  6 rats
108 creatures vanquished.

Notes
Turn   | Place    | Note
-------+----------+-------------------------------------------
     0 | D:1      | dvd the Demigod Earth Elementalist began the quest for the Orb.
     0 | D:1      | Reached XP level 1. HP: 14/14 MP: 5/5
   300 | D:1      | Reached XP level 2. HP: 10/20 MP: 0/7
   310 | D:1      | Reached skill level 3 in Earth Magic
   922 | D:1      | Reached XP level 3. HP: 26/27 MP: 9/9
  1462 | D:2      | Learned a level 3 spell: Stone Arrow
  1728 | D:2      | Reached skill level 1 in Maces & Flails
  1815 | D:2      | Noticed Terence
  1833 | D:2      | Killed Terence
  1833 | D:2      | Reached XP level 4. HP: 22/34 MP: 1/10
  3276 | D:3      | Reached XP level 5. HP: 28/39 MP: 5/11
  3645 | D:4      | Noticed a phantom
  3671 | D:4      | Killed a phantom
  3671 | D:4      | Reached skill level 1 in Fighting
  3810 | D:4      | Found an ancient bone altar of Kikubaaqudgha.
  3865 | D:4      | Found a hide-covered altar of Uskayaw.
  3940 | D:4      | Found a hazy altar of Hepliaklqana.
  3992 | D:4      | Reached XP level 6. HP: 23/47 MP: 5/13
  4477 | D:4      | Noticed Menkaure
  4496 | D:4      | Killed Menkaure
  4496 | D:4      | Reached skill level 4 in Earth Magic
  4648 | D:5      | Entered Level 5 of the Dungeon
  4654 | D:5      | Noticed Eustachio
  5114 | D:5      | Reached skill level 1 in Conjurations
  5114 | D:5      | Reached XP level 7. HP: 29/52 MP: 5/16
  5310 | D:5      | Noticed Grinder
  5316 | D:5      | Noticed Blork the orc
  5323 | D:5      | Killed Blork the orc
  5382 | D:5      | Noticed Edmund
  5459 | D:5      | Found a radiant altar of Vehumet.
  5467 | D:5      | HP: 2/52 [Edmund/flail of crushing (2)]
  5468 | D:5      | Slain by Edmund

Vault maps used:
D:1:      elethiomel_arrival_infinity_welcomes_careful_drivers,
          corexii_corridor_pit, minmay_lizard_pond
D:2:      nicolae_underground_beach, uniq_terence
D:4:      chequers_temple_overflow_statue_of_worship, old_standard_altar,
          uniq_menkaure
D:5:      corexii_shantytown, marbit_many_paths, first_bread, uniq_edmund,
          uniq_eustachio, uniq_blork_the_orc, uniq_grinder, uniq_pikel

Skill      XL: |  1  2  3  4  5  6 |
---------------+-------------------+-----
Spellcasting   | 2 3 |  3.9
Earth Magic    | 3 4 |  4.8
Stealth        | 2 3 |  3.1
Dodging        | 2 |  2.6
Maces & Flails | 1 2 |  2.7
Fighting       | 1 |  1.4
Conjurations   | 1 |  1.1
Short Blades   | |  0.5
Transmutations | |  0.8

Action                   |  1- 3 |  4- 6 |  7- 9 || total
-------------------------+-------+-------+-------++-------
Melee: Dagger            |    14 |    23 |    15 ||    52
       Mace              |    98 |    65 |       ||   163
 Cast: Sandblast         |    39 |    38 |    21 ||    98
       Stone Arrow       |     5 |    29 |     7 ||    41
  Use: Potion            |       |       |     1 ||     1
 Stab: Sleeping          |     6 |     3 |     1 ||    10
  Eat: Chunk             |     4 |    10 |       ||    14
       Meat ration       |       |     1 |       ||     1
Armor: Robe              |    21 |    16 |     1 ||    38
Dodge: Dodged            |   105 |    81 |    20 ||   206
Block: Other             |       |    24 |     6 ||    30
       Reflection        |       |     4 |       ||     4

Table legend:
 A = Spawn XP
 B = Non-spawn XP
 C = Spawn XP percentage of total XP
 D = Spawn monster count
 E = Non-spawn monster count
 F = Spawn count percentage of total count
 G = Total turns spent on level
                    A         B        C        D         E        F      G
               +---------+---------+-------+---------+---------+-------+---------
         Total |       0 |    1054 |   0.0 |       0 |     108 |   0.0 |  5468
               +---------+---------+-------+---------+---------+-------+---------
           D:1 |       0 |      52 |   0.0 |       0 |      32 |   0.0 |  1165
           D:2 |       0 |      94 |   0.0 |       0 |      29 |   0.0 |  1155
           D:3 |       0 |     105 |   0.0 |       0 |      26 |   0.0 |  1425
           D:4 |       0 |     428 |   0.0 |       0 |      11 |   0.0 |  1271
           D:5 |       0 |     375 |   0.0 |       0 |      10 |   0.0 |   452
               +---------+---------+-------+---------+---------+-------+---------
